 Dungeon Crawl Stone Soup version 0.30.0-5-g1a98f26d00 (webtiles) character file.

Game seed: 10658047608293381593

268 ryw the Ducker (level 6, -19/42 HPs)
             Began as a Demonspawn Monk on May 11, 2023.
             Was a Believer of Hepliaklqana.
             Killed by an exploding bullfrog (37 damage)
             ... ignited by their inner flame
             ... in a sewer.
             The game lasted 00:03:51 (1729 turns).

ryw the Ducker (Demonspawn Monk)                    Turns: 1729, Time: 00:03:51

Health: -19/42     AC:  7    Str: 13    XL:     6   Next: 0%
Magic:  6/6        EV: 14    Int:  9    God:    Hepliaklqana [**....]
Gold:   91         SH:  0    Dex: 16    Spells: 5/5 levels left

rFire   . .          .
                       - Unarmed
rCold   . . .        c - orb {light}
rNeg    . . .        i - +4 leather armour "Nudy" {Will++ Int-2}
rPois   .            (no helmet)
rElec   .            (no cloak)
rCorr   .            (no gloves)
SInv    .            (no boots)
Will    ++...        (no amulet)
Stlth   +            (no ring)
HPRegen 0.27/turn    (no ring)
MPRegen 0.10/turn

%: no passive effects
@: lethally poisoned (-19 -> -20), glowing
A: reduced essence, spiny 2
a: Renounce Religion, Recall Ancestor, Ancestor Identity


You were in a sewer.
You worshipped Hepliaklqana.
Hepliaklqana was pleased with you.
You visited 1 branch of the dungeon, and saw 3 of its levels.
You also visited: Sewer.

You collected 91 gold pieces.

Inventory:

Missiles
 k - 3 poisoned darts (quivered)
Armour
 c - an orb of light (worn)
 i - the +4 leather armour "Nudy" (worn) {Will++ Int-2}
   (You found it on level 2 of the Dungeon)

   Int:       It affects your intelligence (-2).
   Will:      It greatly increases your willpower.
Wands
 a - a wand of charming (12)
 g - a wand of roots (4)
Scrolls
 e - 2 scrolls of fog {unknown}
 m - a scroll of enchant armour {unknown}
 n - 2 scrolls of teleportation {unknown}
 r - a scroll of identify {unknown}
Potions
 b - a potion of resistance {unknown}
 f - a potion of flight {unknown}
 j - a potion of magic {unknown}
 l - a potion of degeneration {unknown}
 o - 2 potions of mutation {unknown}
 p - a potion of cancellation {unknown}
 q - a potion of curing {unknown}


   Skills:
 - Level 3.0 Fighting
 + Level 6.2 Dodging
 - Level 2.6 Unarmed Combat


You had 5 spell levels left.
You didn't know any spells.
Your spell library was empty.

Dungeon Overview and Level Annotations

Branches:
Dungeon (3/15)              Sewer (1/1)

Altars:
Hepliaklqana

Shops:
D:3 **


Innate Abilities, Weirdness & Mutations

Your life essence is reduced to manifest your ancestor. (-10% HP)
You are mostly covered in sharp spines.


Message History

Unknown command.
You hit the ball python.
You kill the ball python!
You feel sick. The bullfrog is struck by your spines.
The bullfrog closely misses you. The bullfrog is struck by your spines.
The bullfrog closely misses you.
The adder misses the adder.
The adder closely misses you. The adder bites you.
You closely miss the adder.
The adder is severely wounded.
You feel sick. The bullfrog closely misses you. The bullfrog misses you.
The adder barely misses you. x2; The bullfrog hits you.
The bullfrog is struck by your spines. The bullfrog misses you.
As you read the scroll labelled GURYUTE WASHRYU, it crumbles to dust.
It is a scroll of brand weapon.
You aren't carrying any weapons that can be branded.
You feel sick. The adder bites you but does no damage.
The adder closely misses you. The bullfrog closely misses you.
The bullfrog is struck by your spines.
The bullfrog hits you but does no damage.
The adder is struck by your spines.
You kill the adder!
You have reached level 6!
Your demonic ancestry asserts itself...
Sharp spines emerge from more of your body.
As you read the scroll labelled ZYOFEIGAODGH, it crumbles to dust.
The creatures around you are filled with an inner flame!
It was a scroll of immolation.
You feel sick. The bullfrog completely misses you.
The bullfrog is struck by your spines.
Flame seeps out of the bullfrog.
The bullfrog closely misses you. The adder is struck by your spines.
Flame seeps out of the adder.
The adder closely misses you.
The bullfrog hits you but does no damage.
The bullfrog is engulfed in blazing flames.
The bullfrog explodes!
The fiery explosion engulfs the bullfrog!
Flame seeps out of the bullfrog.
The bullfrog is almost dead.
The fiery explosion engulfs you!!!
Ouch! That really hurt!
You die...

#..'....# #.R#.†..#
####...## #
##################....#
..#≈≈≈≈≈≈≈≈≈≈≈≈≈≈~#.....#
...≈≈≈~~≈≈≈≈≈~≈≈~≈.....##
..~#~~~~§§§~≈≈~~~~~....#
..~~~≈~~#○F#~~~~≈≈.....#
..~~≈~≈#§@§~≈~~≈≈≈~...##
..#S~≈≈~~S≈≈~≈≈≈~≈#.###
###################


You could see a bullfrog (inner flame) and 2 adders.

Vanquished Creatures
  A bullfrog (Sewer)
  10 adders
  5 river rats
  A dart slug (D:3)
  An orc (D:3)
  2 endoplasms
  A giant cockroach (D:2)
  3 goblins
  4 hobgoblins
  2 jackals (D:2)
  A quokka (D:2)
  10 ball pythons
  5 bats (D:2)
  A frilled lizard (Sewer)
  22 rats
69 creatures vanquished.

Vanquished Creatures (collateral kills)
  3 adders (Sewer)
  4 river rats (Sewer)
  A ball python (Sewer)
  11 rats
19 creatures vanquished.

Vanquished Creatures (others)
  2 hexers (Sewer)
2 creatures vanquished.

Grand Total: 90 creatures vanquished

Notes
Turn   | Place    | Note
-------+----------+-------------------------------------------
     0 | D:1      | ryw the Demonspawn Monk began the quest for the Orb.
     0 | D:1      | Reached XP level 1. HP: 18/18 MP: 1/1
     7 | D:1      | Noticed a merfolk zombie
    18 | D:1      | Noticed a demonspawn zombie
    96 | D:1      | You fall into a shaft and drop 1 floor!
   118 | D:2      | Reached skill level 3 in Dodging
   212 | D:2      | Gained mutation: You are partially covered in sharp spines.
                  | [demonic ancestry]
   212 | D:2      | Reached XP level 2. HP: 24/24 MP: 2/2
   331 | D:2      | Identified the +4 leather armour "Nudy" {Will++ Int-2}
   862 | D:2      | Reached XP level 3. HP: 29/29 MP: 3/3
   903 | D:3      | Found a faded altar of an unknown god.
   906 | D:3      | Reached skill level 4 in Dodging
   945 | D:3      | Found Faujif's Assorted Antiques.
  1033 | D:3      | Found a hazy altar of Hepliaklqana.
  1036 | D:3      | Became a worshipper of Hepliaklqana the Forgotten
  1036 | D:3      | Reached * piety under Hepliaklqana
  1036 | D:3      | Reached ** piety under Hepliaklqana
  1037 | D:3      | Remembered your ancestor Edwyna as a hexer
  1202 | D:3      | Found Puuhe's Assorted Antiques.
  1227 | D:3      | Found a glowing drain.
  1253 | D:3      | Reached XP level 4. HP: 22/31 MP: 2/4
  1335 | Sewer    | Entered a sewer
  1401 | Sewer    | Reached skill level 5 in Dodging
  1428 | Sewer    | Reached XP level 5. HP: 36/36 MP: 5/5
  1585 | Sewer    | Reached skill level 6 in Dodging
  1729 | Sewer    | Gained mutation: You are mostly covered in sharp spines.
                  | [demonic ancestry]
  1729 | Sewer    | Reached XP level 6. HP: 19/42 MP: 6/6
  1729 | Sewer    | Killed by an exploding bullfrog... ignited by their inner
                  | flame

Illustrated notes

Levels and vault maps discovered:
D:1:      shiori_arrival_whats_in_store_for_you, layout_basic, serial_forest,
          infiniplex_forest_clump_small, infiniplex_forest_clump_curved,
          infiniplex_forest_diagonal, infiniplex_forest_clump_diagonal,
          infiniplex_forest_straight_2, infiniplex_forest_clump_small,
          infiniplex_forest_clump_cross
D:2:      layout_loops_ring, minmay_hexomino_p4
D:3:      layout_loops_ring, nzn_hepliaklqana_mist_gate, portal_sewer_entry_b,
          nicolae_ecumenical_pavilion, serial_shops, shop, shop, shop,
          nicolae_square_shop, corexii_item_surrounded_by_moat, grunt_decor_cap
Sewer:    sewer_minmay_w

Skill      XL: |  1  2  3  4  5 |
---------------+----------------+-----
Dodging        | 3 4 5 6 |  6.2
Fighting       | |  3.0
Unarmed Combat | |  2.6

Action                     |  1- 3 |  4- 6 || total
---------------------------+-------+-------++-------
  Melee: Unarmed           |    84 |    73 ||   157
 Invoke: Recall Ancestor   |     1 |       ||     1
         Ancestor Life: He |     1 |       ||     1
    Use: Potion            |       |     1 ||     1
         Scroll            |       |     2 ||     2
   Stab: Distracted        |       |     1 ||     1
 Armour: Robe              |     3 |       ||     3
         Leather armour    |    12 |    37 ||    49
  Dodge: Dodged            |    53 |    88 ||   141
